 Dungeon Crawl Stone Soup version 0.31-a0-654-gbe3e110b4e (webtiles) character file.

Game seed: 5657776327628006364

26 subawu the Magician (level 2, -1/27 HPs)
             Began as a Draconian Wanderer on Aug 29, 2023.
             Slain by a quokka (3 damage)
             ... on level 1 of the Dungeon.
             The game lasted 00:03:02 (483 turns).

subawu the Magician (Draconian Wanderer)             Turns: 483, Time: 00:03:02

Health: -1/27      AC:  4    Str: 13    XL:     2   Next: 89%
Magic:  6/8        EV:  8    Int: 14    God:
Gold:   42         SH:  0    Dex:  9    Spells: 9/11 levels left

rFire   . . .        a - +0 club
rCold   . . .        (no shield)
rNeg    . . .        (body armour unavailable)
rPois   .            (helmet restricted)
rElec   .            (no cloak)
rCorr   .            (no gloves)
SInv    .            (no boots)
Will    .....        (no amulet)
Stlth   +            (no ring)
HPRegen 0.24/turn    (no ring)
MPRegen 0.11/turn

%: no passive effects
@: very slightly contaminated, constricted
A: AC +4, unfitting armour, cold-blooded
a: no special abilities


You were on level 1 of the Dungeon.
You visited 1 branch of the dungeon, and saw 1 of its levels.

You collected 42 gold pieces.

Inventory:

Hand Weapons
 a - a +0 club (weapon)
Scrolls
 d - a scroll of identify {unknown}
 e - a scroll of blinking {unknown}
 f - a scroll of fear {unknown}
 g - a scroll of teleportation {unknown}
Potions
 b - a potion of attraction
 c - a potion of lignification
 h - a potion of magic {unknown}


   Skills:
 + Level 3.8 Fighting
 + Level 5.2 Spellcasting
 + Level 1.7 Summonings


You had 9 spell levels left.
You knew the following spells:

 Your Spells              Type           Power      Damage    Failure   Level
a - Summon Small Mammal   Summ           32%        N/A       9%          1
b - Shock                 Conj/Air       12%        1d3       17%         1

Your spell library contained the following spells:

 Spells                   Type           Power      Damage    Failure   Level
 Necrotise                Necr           12%        1d4       17%         1
 Sandblast                Erth           6%         2d5       17%         1
 Ensorcelled Hibernation  Hex/Ice        6%         N/A       26%         2
 Sublimation of Blood     Necr           3%         N/A       26%         2
 Summon Guardian Golem    Hex/Summ       6%         N/A       34%         3
 Vampiric Draining        Necr           3%         2d6       45%         3
 Agony                    Necr           3%         N/A       99%         5


Dungeon Overview and Level Annotations

Branches:
Dungeon (1/15)

Altars:


Innate Abilities, Weirdness & Mutations

Your plain brown scales are hard. (AC +4)
You cannot fit into any form of body armour.
You are cold-blooded and may be slowed by cold attacks.


Message History

The quokka closely misses you. The ball python bites you.
The ball python constricts you.
You hit the quokka.
The quokka is moderately wounded.
The quokka barely misses you.
The ball python bites you but does no damage.
The ball python constricts you.
* * * LOW HITPOINT WARNING * * *
You hit the quokka.
Your tail-slap misses the quokka.
The quokka is severely wounded.
The ball python closely misses you. The ball python constricts you.
The quokka bites you but does no damage.
The quokka closely misses you. The ball python bites you.
* * * LOW HITPOINT WARNING * * *
The ball python constricts you.
Casting: Summon Small Mammal (safe; 9% risk of failure)
Confirm with . or Enter, or press ? or * to list all spells.
Aiming: Shock (safe; 17% risk of failure)
Press: ? - help, Shift-Dir - straight line, f - ball python
Aim: a ball python (constricting you, 60% to hit)
You miscast Shock.
You are very lightly contaminated with residual magic.
Nothing appears to happen.
The ball python barely misses you. The ball python constricts you.
* * * LOW HITPOINT WARNING * * *
The quokka bites you.
* * * LOW HITPOINT WARNING * * *
You hit the quokka.
The quokka is almost dead.
The quokka bites you.
* * * LOW HITPOINT WARNING * * *
The ball python bites you.
* * * LOW HITPOINT WARNING * * *
The ball python constricts you.
You barely miss the quokka.
The quokka is almost dead.
The ball python bites you.
* * * LOW HITPOINT WARNING * * *
The ball python constricts you. The quokka bites you.
You die...

#.##.# #.#.#
######.##.#
#.#.#
#.........# #.#
#.####.##.# #.#
#.##.###.# #
#.##.....#.#
#........#.#
######.S...#####
#.r@.......
#.######### #...
...#. ###r .# ##
##


You could see a quokka and a ball python.

Vanquished Creatures
  A gnoll (D:1)
  2 dart slugs (D:1)
  A bat (D:1)
  A goblin (D:1)
  2 kobolds (D:1)
  2 ball pythons (D:1)
  A frilled lizard (D:1)
  2 rats (D:1)
12 creatures vanquished.

Vanquished Creatures (collateral kills)
  A bat (D:1)
  A goblin (D:1)
2 creatures vanquished.

Grand Total: 14 creatures vanquished

Notes
Turn   | Place    | Note
-------+----------+-------------------------------------------
     0 | D:1      | subawu the Draconian Wanderer began the quest for the Orb.
     0 | D:1      | subawu set off with the following items: a +0 club, a
                  | potion of attraction, a potion of lignification; and the
                  | following spells available to memorise: Summon Small
                  | Mammal, Sandblast, Shock, Ensorcelled Hibernation,
                  | Sublimation of Blood, Summon Guardian Golem.
     0 | D:1      | Reached XP level 1. HP: 19/19 MP: 6/6
    47 | D:1      | Learned a level 1 spell: Summon Small Mammal
   149 | D:1      | Learned a level 1 spell: Shock
   241 | D:1      | Reached XP level 2. HP: 26/26 MP: 8/8
   483 | D:1      | Slain by a quokka

Illustrated notes

Levels and vault maps discovered:
D:1:      matt_arrival_grand_opening, layout_loops_ring

Action                     || total
---------------------------++-------
  Melee: Club              ||    48
         Tailslap          ||     4
   Cast: Summon Small Mamm ||     6
         Shock             ||     3
 Armour: Skin              ||    26
  Dodge: Dodged            ||    54

Table legend: (Time is in decaauts)
 A = Elapsed time spent in this place.
 B = Non-inter-level travel time spent in this place.
 C = Inter-level travel time spent in this place.
 D = Time resting spent in this place.
 E = Time spent auto-exploring this place.
 F = Levels seen in this place.
 G = Mean time per level.
                   A        B        C        D        E       F      G
               +--------+--------+--------+--------+--------+-----+--------+
         Total |    497 |    497 |      0 |     89 |    250 |   1 |  497.0 |
       Dungeon |    497 |    497 |      0 |     89 |    250 |   1 |  497.0 |
               +--------+--------+--------+--------+--------+-----+--------+

Top non-repeatable levels by time:
     D:1: 497 daAuts
